 Seeded DCSS version 0.30-a0-509-gd016549fea (webtiles) character file.

Game seed: 14515770464801046218 (custom seed)

6 purpskrrrp the Conjurer (level 1, -25/13 HPs)
             Began as a Demonspawn Conjurer on Dec 22, 2022.
             Killed by an exploding hobgoblin (33 damage)
             ... ignited by their inner flame
             ... on level 1 of the Dungeon.
             The game lasted 00:00:40 (282 turns).

purpskrrrp the Conjurer (Demonspawn Conjurer)        Turns: 282, Time: 00:00:40

Health: -25/13     AC:  2    Str:  7    XL:     1   Next: 75%
Magic:  0/3        EV: 12    Int: 19    God:
Gold:   27         SH:  0    Dex: 11    Spells: 3/4 levels left

rFire   . . .      SeeInvis .    (no weapon)
rCold   . . .      Faith    .    (no shield)
rNeg    . . .      Spirit   .    a - +0 robe
rPois   .          Reflect  .    (no helmet)
rElec   .          Harm     .    (no cloak)
rCorr   .          Rampage  .    (no gloves)
Will    .....                    (no boots)
Stlth   ++........               (no amulet)
HPRegen 0.22/turn                (no ring)
MPRegen 0.08/turn                (no ring)

@: no status effects
A: no striking features
a: no special abilities


You were on level 1 of the Dungeon.
You visited 1 branch of the dungeon, and saw 1 of its levels.

You collected 27 gold pieces.

Inventory:

Armour
 a - a +0 robe (worn)
Scrolls
 d - a scroll of vulnerability {unknown}
Potions
 b - a potion of magic


   Skills:
 + Level 2.0 Dodging
 - Level 1.7 Stealth
 + Level 2.1 Spellcasting
 + Level 4.1 Conjurations


You had 3 spell levels left.
You knew the following spells:

 Your Spells              Type           Power      Damage    Failure   Level
a - Magic Dart            Conj           68%        1d6       3%          1

Your spell library contained the following spells:

 Spells                   Type           Power      Damage    Failure   Level
 Searing Ray              Conj           34%        2d5       4%          2
 Dazzling Flash           Conj/Hex       18%        N/A       22%         3
 Fulminant Prism          Conj/Hex       4%         3d5       56%         4
 Iskenderun's Mystic Bla  Conj/Tloc      9%         2d4       56%         4


Dungeon Overview and Level Annotations

Branches:
Dungeon (1/15)

Altars:


Message History

HP restored.
You see here a +0 dagger.
A frilled lizard comes into view.
Found a robe.
The frilled lizard moves out of view.
The magic dart hits the frilled lizard.
You kill the frilled lizard!
Your Dodging skill increases to level 2!
No target in view!
No target in view!
No target in view!
A rat and a hobgoblin come into view.
The magic dart hits the rat but does no damage.
The magic dart hits the rat.
You kill the rat!
The magic dart hits the hobgoblin.
The hobgoblin is lightly wounded.
The hobgoblin shouts!
A kobold comes into view. It is wielding a +3 dagger of venom.
The kobold moves out of view.
The kobold shouts!
The hobgoblin hits you. The hobgoblin attacks as you move away!
The hobgoblin closely misses you. The hobgoblin attacks as you move away!
The hobgoblin hits you. The hobgoblin attacks as you move away!
The hobgoblin hits you. The hobgoblin attacks as you move away!
The hobgoblin misses you.
Okay, then.
As you read the scroll labelled XIARIOGOET, it crumbles to dust.
The creatures around you are filled with an inner flame!
It was a scroll of immolation.
The hobgoblin closely misses you. The hobgoblin attacks as you move away!
The hobgoblin misses you. The hobgoblin attacks as you move away!
The hobgoblin barely misses you. The hobgoblin attacks as you move away!
The hobgoblin barely misses you.
Aiming: Magic Dart (safe; 3% risk of failure)
Press: ? - help, Q - select action Shift-Dir - straight line, f/p - hobgoblin
Aim: a hobgoblin (lightly wounded, inner flame, 100% to hit)
The magic dart hits the hobgoblin.
The hobgoblin explodes!
The fiery explosion engulfs you!!
Ouch! That really hurt!
You die...

###...........#.#..#........##
###...........#.#..#..[......#
.............(#..K.†.........#
............).#.##.........#
.....########.#.#####..........#
.....# #.#K.# #.#.#..#...#
.....# #.##§# #.#.#..# ..#
.....# #.##.# #.#....# # .....#
#.##@# #.#.†... ###### #.##.#
......... ...... #.)..#
#.#.##.### ..# #. #.##.# ..# #.
## #.#### ..# .## . ... ..#
..#.# ##.# ..####.#.# #.#
#........# #.#


You could see a kobold.

Vanquished Creatures
  2 bats (D:1)
  2 goblins (D:1)
  A hobgoblin (D:1)
  A frilled lizard (D:1)
  A rat (D:1)
7 creatures vanquished.

Notes
Turn   | Place    | Note
-------+----------+-------------------------------------------
     0 | D:1      | purpskrrrp the Demonspawn Conjurer began the quest for the
                  | Orb.
     0 | D:1      | Reached XP level 1. HP: 13/13 MP: 3/3
   282 | D:1      | Killed by an exploding hobgoblin... ignited by their inner
                  | flame

Illustrated notes

Levels and vault maps discovered:
D:1:      dpeg_arrival_fog, layout_basic

Skill      XL: |  1 |
---------------+----+-----
Dodging        | 2 |  2.0
Stealth        | |  1.7
Spellcasting   | |  2.1
Conjurations   | |  4.1

Action                   || total
-------------------------++-------
Melee: Unarmed           ||     6
 Cast: Magic Dart        ||    12
  Use: Scroll            ||     1
Armor: Robe              ||     4
Dodge: Dodged            ||    13

Table legend: (Time is in decaauts)
 A = Elapsed time spent in this place.
 B = Non-inter-level travel time spent in this place.
 C = Inter-level travel time spent in this place.
 D = Time resting spent in this place.
 E = Time spent auto-exploring this place.
 F = Levels seen in this place.
 G = Mean time per level.
                   A        B        C        D        E       F      G
               +--------+--------+--------+--------+--------+-----+--------+
         Total |    282 |    282 |      0 |      0 |    228 |   1 |  282.0 |
       Dungeon |    282 |    282 |      0 |      0 |    228 |   1 |  282.0 |
               +--------+--------+--------+--------+--------+-----+--------+

Top non-repeatable levels by time:
     D:1: 282 daAuts
